 Dungeon Crawl Stone Soup version 0.16-a0-3933-g06ce5c0 (webtiles) character file.

3698 abixa the Cleaver (level 9, -9/75 HPs)
             Began as a Minotaur Hunter on Feb 5, 2015.
             Was a Priest of Okawaru.
             Mangled by a gnoll sergeant
             ... wielding a +2 trident of distortion
              (14 damage)
             ... on level 8 of the Dungeon.
             The game lasted 00:33:40 (12376 turns).

abixa the Cleaver (Minotaur Hunter)                Turns: 12376, Time: 00:33:40

Health: -9/75      AC: 16    Str: 17    XL:     9   Next: 91%
Magic:  5/5        EV:  7    Int: 11    God:    Okawaru [***...]
Gold:   595        SH:  0    Dex: 14    Spells: 0 memorised, 8 levels left

rFire  . . .     SeeInvis .     b - -1 arbalest (curse)
rCold  . . .     Clarity  .     i - +0 plate armour
rNeg   . . .     SustAb   .     (no shield)
rPois  .         Gourm    .     (helmet restricted)
rElec  .         Spirit   .     (no cloak)
rCorr  .         Warding  .     j - +2 pair of gloves
rMut   .         Stasis   +     g - +0 pair of boots
MR     .....                    d - amulet of stasis
Stlth  ..........               y - ring of teleportation
                                M - +3 ring of intelligence

@: not resistant to hostile enchantments, extremely unstealthy
A: retaliatory headbutt, horns 2
a: Heroism, Renounce Religion, Evoke Teleportation


You were on level 8 of the Dungeon.
You worshipped Okawaru.
Okawaru was most pleased with you.
You were very hungry.

You visited 2 branches of the dungeon, and saw 10 of its levels.

You collected 595 gold pieces.

Inventory:

Hand weapons
 a - a +0 war axe
 b - a cursed -1 arbalest (weapon)
 N - a +0 halberd
 P - a +0 blowgun
Missiles
 c - 59 bolts (quivered)
 r - 151 stones
 w - 34 sling bullets
 B - 9 tomahawks
 K - 5 silver javelins
 O - 13 poisoned needles
 S - 36 bolts of frost
Armour
 g - a +0 pair of boots (worn)
 i - a +0 plate armour (worn)
 j - a +2 pair of gloves (worn)
Jewellery
 d - an amulet of stasis (around neck)
 o - an uncursed amulet of resist mutation
 y - a ring of teleportation (right hand)
 M - a +3 ring of intelligence (left hand)
 R - a cursed ring of loudness {unknown}
Magical devices
 v - a wand of draining (6)
Scrolls
 k - 3 scrolls of magic mapping {unknown}
 m - 4 scrolls of enchant weapon {unknown}
 p - 5 scrolls of immolation {unknown}
 s - 2 scrolls of fog
 t - a scroll of blinking
 C - 4 scrolls of teleportation {unknown}
 E - 2 scrolls of noise
 H - 4 scrolls of recharging {unknown}
 I - a scroll of fear
 Q - a scroll of amnesia {unknown}
 T - 2 scrolls of enchant armour
 W - 2 scrolls of random uselessness {unknown}
Potions
 e - a potion of brilliance
 h - 3 potions of magic
 n - 3 potions of curing
 q - a potion of lignification
 x - a potion of invisibility
 G - a potion of might {unknown}
 J - 2 potions of restore abilities
 L - 2 potions of ambrosia
 V - a potion of agility {unknown}
Books
 F - a book of Unlife

   Spells                             Type                      Level
   a - Recall                         Summoning/Translocation      3
   b - Animate Dead                   Necromancy                   4
   c - Control Undead                 Necromancy                   4
   d - Cigotuvi's Embrace             Necromancy                   5
   e - Death Channel                  Necromancy                   6
   f - Simulacrum                     Ice/Necromancy               6
Comestibles
 f - 7 bread rations
 l - 10 fruits
 u - 5 beef jerkies
 z - 9 slices of pizza
 D - 5 meat rations


   Skills:
 - Level 6.3 Fighting
 + Level 13.6 Axes
 - Level 4.3 Crossbows
 - Level 4.6 Armour
 - Level 4.9 Dodging
 - Level 0.7 Stealth
 - Level 1.1 Invocations


You had 8 spell levels left.
You didn't know any spells.

Dungeon Overview and Level Annotations

Branches:
Dungeon (9/15)             Temple (1/1) D:5
   Lair: D:8-11         Orc: D:9-12

Altars:
Ashenzari
Cheibriados
Dithmenos
Elyvilon
Fedhas
Gozag
Kikubaaqudgha
Makhleb
Nemelex Xobeh
Okawaru
Qazlal
Ru
Sif Muna
Trog
Vehumet
Xom
Yredelemnul
Zin
The Shining One


Innate Abilities, Weirdness & Mutations

You reflexively headbutt those who attack you in melee.
You have a pair of horns on your head.


Message History

You feel a strange sense of stasis.
Firing (i - inventory. (,) - cycle):
c - 61 bolts (quivered)
Press: ? - help, Shift-Dir - straight line, f/p - gnoll sergeant
Aim: a gnoll sergeant, wielding a trident of distortion and wearing a scale mail You shoot a bolt.
The bolt hits the gnoll sergeant!
The gnoll sergeant is moderately wounded.
The gnoll sergeant hits you from afar with a trident of distortion.
Space warps horribly around you!
Firing (i - inventory. (,) - cycle):
c - 60 bolts (quivered)
Press: ? - help, Shift-Dir - straight line, f/p - gnoll sergeant
Aim: a gnoll sergeant, wielding a trident of distortion and wearing a scale mail (moderately wounded)
You shoot a bolt. The bolt hits the gnoll sergeant.
The gnoll sergeant is heavily wounded.
The gnoll sergeant hits you from afar with a trident of distortion.
* * * LOW HITPOINT WARNING * * *
Space warps horribly around you!
* * * LOW HITPOINT WARNING * * *
The gnoll sergeant hits you but does no damage.
Space warps horribly around you!
You die...

####### #.....# #.....# #.....#
#.....# # #.....# ########### #
#.....# ######.......... #
#.....### ######...............
###
#.<...).###..@.g>####.........>
..######.......)######
#.....†.... .....# ###......##
#####.#####
..##^####........####### #.#
#.##......#..).........# #.#
#.....#####...#.#.####.######.#
####....###...._..# #....#...#
#..#........#.### ###....###
##.####.##.)...#### ###....#


You could see a gnoll sergeant.

Vanquished Creatures
  An ugly thing (D:7)
  A slime creature (D:7)
  A hog (D:7)
  A human (D:7)
  Menkaure (D:5)
  A water moccasin (D:6)
  An ice beast (D:5)
  2 ogres
  An orc warrior (D:6)
  3 sky beasts
  A gnoll sergeant (D:5)
  3 giant frogs (D:6)
  A wyvern skeleton (D:6)
  2 scorpions
  A wight (D:7)
  A killer bee (D:7)
  A centaur zombie (D:7)
  6 crimson imps
  3 hounds
  2 goliath beetles
  7 orc wizards
  A giant frog skeleton (D:4)
  3 orc priests
  2 centaur skeletons (D:5)
  Natasha (thrice) (D:4)
  6 worker ants
  3 sheep (D:7)
  The ghost of timbw the Chopper, a weakling HuBe of Trog (D:3)
  A hound skeleton (D:4)
  A hound zombie (D:6)
  A mummy (D:7)
  Robin (D:4)
  11 gnolls
  14 adders
  5 shadow imps
  A giant mite (D:4)
  9 worms
  An adder zombie (D:5)
  An adder skeleton (D:6)
  4 giant geckos
  26 orcs
  14 bats
  2 bat skeletons
  A bat zombie (D:7)
  3 giant cockroaches
  17 hobgoblins
  14 jackals
  14 kobolds
  An ooze (D:2)
  6 quokkas
  A giant cockroach zombie (D:6)
  5 giant newts
  22 goblins
  2 orc zombies (D:5)
  A quokka skeleton (D:9)
  A quokka zombie (D:7)
  13 rats
253 creatures vanquished.

Notes
Turn   | Place    | Note
--------------------------------------------------------------
     0 | D:1      | abixa, the Minotaur Hunter, began the quest for the Orb.
     0 | D:1      | Reached XP level 1. HP: 18/18 MP: 1/1
   177 | D:1      | Reached XP level 2. HP: 8/26 MP: 1/1
  1119 | D:2      | Reached XP level 3. HP: 8/34 MP: 2/2
  1910 | D:2      | Reached skill level 5 in Fighting
  2117 | D:2      | Reached XP level 4. HP: 42/42 MP: 2/2
  2467 | D:2      | Reached skill level 6 in Fighting
  2657 | D:3      | Found a basalt altar of Yredelemnul.
  2717 | D:3      | Noticed timbw's ghost (weakling HuBe)
  2905 | D:3      | Reached XP level 5. HP: 44/50 MP: 2/2
  2920 | D:3      | Reached skill level 1 in Armour
  3103 | D:4      | Found an opulent altar of Gozag.
  3568 | D:4      | Found a staircase to the Ecumenical Temple.
  3577 | D:4      | Noticed Robin
  3590 | D:4      | Reached XP level 6. HP: 36/57 MP: 3/3
  3598 | D:4      | Killed Robin
  3901 | D:4      | Found a shadowy altar of Dithmenos.
  4497 | D:3      | Killed timbw's ghost
  4772 | D:4      | Noticed Natasha
  4787 | D:4      | Killed Natasha
  4867 | D:5      | Entered Level 5 of the Dungeon
  4874 | D:5      | Noticed Menkaure
  4893 | D:4      | Noticed Natasha
  4898 | D:4      | Killed Natasha
  5363 | D:4      | Noticed Natasha
  5365 | D:4      | Killed Natasha
  5379 | D:5      | Killed Menkaure
  5379 | D:5      | Reached XP level 7. HP: 26/63 MP: 3/3
  5558 | D:5      | Found an iron altar of Okawaru.
  5566 | D:5      | Became a worshipper of Warmaster Okawaru
  5657 | D:5      | Found a staircase to the Ecumenical Temple.
  5667 | Temple   | Entered the Ecumenical Temple
  6356 | D:5      | HP: 2/63 [gnoll sergeant/spear (2)]
  6366 | D:5      | HP: 1/63 [gnoll/halberd (3)]
  6783 | D:5      | Reached skill level 5 in Axes
  6953 | D:5      | Acquired Okawaru's first power
  7007 | D:5      | Reached XP level 8. HP: 47/70 MP: 3/3
  7286 | D:5      | Found a shimmering altar of Xom.
  7595 | D:6      | Reached skill level 7 in Axes
  8191 | D:6      | Reached skill level 1 in Invocations
  8240 | D:6      | Reached skill level 8 in Axes
  8499 | D:6      | Reached skill level 9 in Axes
  8623 | D:6      | Found a shimmering altar of Xom.
  8778 | D:6      | Found a sparkling altar of Nemelex Xobeh.
  9224 | D:7      | Reached skill level 10 in Axes
  9227 | D:7      | Found a stormy altar of Qazlal.
  9520 | D:7      | Noticed a slime creature
  9534 | D:7      | Killed a slime creature
  9534 | D:7      | Reached XP level 9. HP: 38/75 MP: 5/5
  9906 | D:7      | Reached skill level 11 in Axes
 10371 | D:6      | Received a gift from Okawaru
 10371 | D:6      | Reached skill level 12 in Axes
 10590 | D:7      | Noticed a purple ugly thing
 10609 | D:7      | Killed a purple ugly thing
 10951 | D:7      | Reached skill level 13 in Axes
 11455 | D:8      | Found a radiant altar of Vehumet.
 12376 | D:8      | Mangled by a gnoll sergeant

Action                   |  1- 3 |  4- 6 |  7- 9 || total
-------------------------+-------+-------+-------++-------
Melee: Short sword       |    17 |       |       ||    17
       Mace              |    76 |    64 |       ||   140
       Quarterstaff      |       |    49 |    61 ||   110
       Dire flail        |       |   101 |    14 ||   115
       Hand axe          |       |       |    38 ||    38
       War axe           |       |       |   246 ||   246
       Halberd           |       |       |    45 ||    45
 Fire: Hand crossbow     |     9 |       |       ||     9
       Arbalest          |       |       |   127 ||   127
Throw: Stone             |       |     3 |       ||     3
Invok: Heroism           |       |       |     1 ||     1
  Use: Scroll            |       |       |    17 ||    17
  Eat: Chunk             |     4 |    10 |    22 ||    36
